 Dungeon Crawl Stone Soup version 0.24-a0-581-gc0fa6600bf (webtiles) character file.

Game seed: 18371453649859974892

116 Aggronaut the Sneak (level 4, -7/21 HPs)
             Began as a Spriggan Enchanter on Aug 23, 2019.
             Was an Initiate of Gozag.
             Killed by divine providence
             ... invoked by an orc priest
              (15 damage)
             ... on level 3 of the Dungeon.
             The game lasted 00:07:48 (2829 turns).

Aggronaut the Sneak (Spriggan Enchanter)            Turns: 2829, Time: 00:07:49

Health: -7/21      AC:  2    Str:  5    XL:     4   Next: 70%
Magic:  9/9        EV: 18    Int: 16    God:    Gozag
Gold:   321        SH:  0    Dex: 16    Spells: 5/8 levels left

rFire    . . .     SeeInvis +   n - +0 short sword (drain)
rCold    . . .     Gourm    .   (shield restricted)
rNeg     . . .     Faith    .   b - +0 robe
rPois    .         Spirit   .   (helmet restricted)
rElec    .         Reflect  .   (no cloak)
rCorr    .         Harm     .   (gloves unavailable)
MR       .....                  (boots unavailable)
Stlth    +++.......             (no amulet)
HPRegen  0.07/turn              (no ring)
MPRegen  0.11/turn              (no ring)

@: gold aura, lightly drained, very quick
A: very small, unfitting armour, see invisible, herbivore, speed 3, slow
metabolism 2
a: Potion Petition, Call Merchant, Bribe Branch, Renounce Religion


You were on level 3 of the Dungeon.
You worshipped Gozag.
Gozag was aware of your devotion.
You were very hungry.

You visited 1 branch of the dungeon, and saw 3 of its levels.

You collected 342 gold pieces.
You paid 21 gold pieces to Gozag.

Inventory:

Hand Weapons
 a - a +1 dagger
 n - a +0 short sword of draining (weapon)
Armour
 b - a +0 robe (worn)
Jewellery
 o - an uncursed ring of positive energy {unknown}
Scrolls
 c - 5 scrolls of identify {unknown}
 e - a scroll of immolation {unknown}
 f - 3 scrolls of remove curse {unknown}
 g - a scroll of enchant armour {unknown}
 h - 2 scrolls of magic mapping {unknown}
 i - a scroll of teleportation {unknown}
 j - a scroll of blinking {unknown}
 k - a scroll of fog {unknown}
 m - a scroll of noise {unknown}
Potions
 l - a potion of might {unknown}
Comestibles
 d - 9 rations


   Skills:
 + Level 2.5(2.1) Short Blades
 - Level 3.0(2.6) Dodging
 * Level 6.8(6.4) Stealth
 - Level 2.6(2.3) Spellcasting
 + Level 4.5(4.1) Hexes


You had 5 spell levels left.
You knew the following spells:

 Your Spells              Type           Power        Failure   Level  Hunger
a - Corona                Hex            ###....      3%          1    #......
b - Ensorcelled Hibernat  Hex/Ice        #.....       13%         2    ###....

Your spell library contained the following spells:

 Spells                   Type           Power        Failure   Level  Hunger
 Confuse                  Hex            ###.....     11%         3    ###....
 Tukima's Dance           Hex            ###.....     11%         3    ###....
 Dazzling Spray           Conj/Hex       #.....       26%         3    ###....


Dungeon Overview and Level Annotations

Branches:
Dungeon (3/15)

Altars:
Gozag
Makhleb
Nemelex Xobeh
Zin


Innate Abilities, Weirdness & Mutations

You are very small and have problems with some larger weapons.
You are too small for most types of armour.
You have supernaturally acute eyesight. (SInv)
You are a herbivore.
You cover ground extremely quickly.
You need to consume almost no food.


Message History

You hit the orc priest. You drain the orc priest.
The orc priest is severely wounded.
The orc priest hits you with a cursed +0 club.
You hit the orc priest but do no damage.
You drain the orc priest.
The orc priest is almost dead.
The orc priest misses you.
You barely miss the orc priest.
The orc priest is almost dead.
The orc priest completely misses you.
You closely miss the orc priest.
The orc priest is almost dead.
The orc priest misses you.
You barely miss the orc priest.
The orc priest is almost dead.
The orc priest invokes the aid of Beogh against you.
Beogh smites you!
Ouch! That really hurt!
You die...
Your body crumbles into a pile of gold.

.........#
........###
.......... $
......# #..<..#
#....# #...##
..# #)#### #...
#o@..## #...#.
####..#####
...#..
##.....###......
#####...#.....#
###.......#
#######........
#..............
###.....#.###..
###.##.......


You could see an orc priest.

Vanquished Creatures
  3 adders
  2 worms (D:2)
  2 dart slugs
  3 leopard geckos
  8 orcs (D:3)
  6 bats
  5 giant cockroaches
  8 goblins
  6 hobgoblins
  4 jackals
  A ball python (D:1)
  A frilled lizard (D:1)
  9 kobolds
  8 rats
66 creatures vanquished.

Notes
Turn   | Place    | Note
-------+----------+-------------------------------------------
     0 | D:1      | Aggronaut the Spriggan Enchanter began the quest for the
                  | Orb.
     0 | D:1      | Reached XP level 1. HP: 9/9 MP: 5/5
   471 | D:1      | Reached skill level 5 in Stealth
   471 | D:1      | Reached XP level 2. HP: 13/13 MP: 6/6
   486 | D:1      | Learned a level 2 spell: Ensorcelled Hibernation
  1026 | D:2      | Found an opulent altar of Gozag.
  1041 | D:2      | Became a worshipper of Gozag Ym Sagoz the Greedy
  1046 | D:2      | Reached XP level 3. HP: 15/16 MP: 5/8
  1050 | D:2      | Found a sparkling altar of Nemelex Xobeh.
  1447 | D:2      | Reached skill level 6 in Stealth
  2229 | D:3      | Found a sparkling altar of Nemelex Xobeh.
  2307 | D:2      | Reached XP level 4. HP: 15/21 MP: 2/9
  2551 | D:3      | Found a glowing silver altar of Zin.
  2712 | D:3      | Found a burning altar of Makhleb.
  2829 | D:3      | Killed from afar by an orc priest

Levels and vault maps discovered:
D:1:      lightli_arrival_boilingwater, layout_basic, minmay_quantized
D:2:      layout_basic, lemuel_crystal_altar, kennysheep_small_spiral,
          nemelex_xobeh_ov_fountains_minmay
D:3:      layout_rooms, lemuel_round_altar, zin_scriptorium,
          lemuel_crystal_altar, marbit_many_paths, first_ration,
          patterned_corridor

Skill      XL: |  1  2  3 |
---------------+----------+-----
Stealth        | 5 6 |  6.8
Hexes          | 4 |  4.5
Short Blades   | 2 |  2.5
Dodging        | |  3.0
Spellcasting   | |  2.6

Action                   |  1- 3 |  4- 6 || total
-------------------------+-------+-------++-------
Melee: Dagger            |   207 |    31 ||   238
       Short sword       |       |    29 ||    29
 Cast: Corona            |     2 |       ||     2
       Ensorcelled Hiber |    15 |     8 ||    23
  Use: Potion            |     1 |       ||     1
 Stab: Sleeping          |    19 |     8 ||    27
       Distracted        |       |     1 ||     1
Armor: Robe              |    19 |     3 ||    22
Dodge: Dodged            |   183 |    29 ||   212

Table legend:
 A = Non-vault XP
 B = Vault XP
 C = Vault XP percentage of total XP
 D = Non-vault monster count
 E = Vault monster count
 F = Vault count percentage of total count
                 A         B        C        D         E       F
            +---------+---------+-------+---------+---------+-------
      Total |     160 |       7 |   4.2 |      60 |       6 |   9.1
            +---------+---------+-------+---------+---------+-------
        D:1 |      33 |       6 |  15.4 |      20 |       5 |  20.0
        D:2 |      71 |       0 |   0.0 |      22 |       0 |   0.0
        D:3 |      56 |       1 |   1.8 |      18 |       1 |   5.3
            +---------+---------+-------+---------+---------+-------
